 Dungeon Crawl Stone Soup version 0.29-a0-323-g050149af67 (webtiles) character file.

Game seed: 15126991861039624986

199343 Dabor the Gelid (level 17, 0/129 HPs)
             Began as a Demonspawn Ice Elementalist on Apr 10, 2022.
             Was the Champion of Jiyva.
             Slain by a naga warrior (12 damage)
             ... on level 3 of the Snake Pit.
             The game lasted 01:33:06 (35075 turns).

Dabor the Gelid (Demonspawn Ice Elementalist)      Turns: 35075, Time: 01:33:06

Health: 0/129      AC: 24    Str:  5    XL:     17   Next: 84%
Magic:  42/44      EV: 12    Int: 37    God:    Jiyva [******]
Gold:   1255       SH:  7    Dex: 16    Spells: 16/42 levels left

rFire   + + .      SeeInvis +   k - staff of cold
rCold   + . .      Faith    .   c - +2 buckler {AC+3}
rNeg    + . .      Spirit   .   q - +1 leather armour of the Fiend {rElec rN+ Str-3 Int+8}
rPois   +          Reflect  .   U - +1 helmet {SInv}
rElec   +          Harm     .   L - +1 cloak
rCorr   +          Rampage  ∞   (gloves unavailable)
Will    +++..                   J - +3 pair of seven-league boots {Rampage+∞}
Stlth   +++.......              j - amulet "Paawefaj" {Acrobat Will+}
HPRegen 2.91/turn               M - +4 ring of protection
MPRegen 0.79/turn               s - +4 ring of protection

@: freezing walls, constricted, studying Fire Magic
A: claws 3, icemail 1, powered by death 2, augmentation 1, big brain 3,
condensation shield, hooves 1, fire resistance 2, high MP 3, strong-willed 1,
poison resistance, eyeballs 1, gelatinous body 1, translucent skin 3, tendrils,
engulf
}: 1/15 runes: barnacled
a: Renounce Religion, Oozemancy, Slimify


You were on level 3 of the Snake Pit.
You worshipped Jiyva.
Jiyva was exalted by your worship.
You visited 5 branches of the dungeon, and saw 29 of its levels.
You visited 1 bazaar.

You collected 3041 gold pieces.
You spent 1786 gold pieces at shops.

Inventory:

Hand Weapons
 f - the +7 dagger of the Queen {flame, Str+4}
   (You found it on level 7 of the Dungeon)

   It burns those it strikes, dealing additional fire damage.
   Str:       It affects your strength (+4).
Missiles
 t - 11 silver javelins
 B - 45 poisoned darts
 G - 5 throwing nets
Armour
 c - a +2 buckler of protection (worn)
 q - the +1 leather armour of the Fiend (worn) {rElec rN+ Str-3 Int+8}
   (You found it on level 5 of the Dungeon)

   Str:       It affects your strength (-3).
   Int:       It affects your intelligence (+8).
   rElec:     It insulates you from electricity.
   rN:        It protects you from negative energy.
 J - the +3 pair of seven-league boots (worn) {Rampage+∞}
   (You acquired it on level 2 of the Shoals)

   Its wearer moves as far as possible in that direction when moving towards
   enemies.
 L - a +1 cloak (worn)
 U - a +1 helmet of see invisible (worn)
Magical Staves
 k - a staff of cold (weapon)
 X - a staff of earth
Jewellery
 j - the amulet "Paawefaj" (around neck) {Acrobat Will+}
   (You found it on level 9 of the Dungeon)

   [amulet of the acrobat]

   It increases your evasion while moving and waiting.
   Will:      It increases your willpower.
 s - a +4 ring of protection (right claw)
 A - a ring of protection from cold
 I - a ring of protection from fire
 M - a +4 ring of protection (left claw)
 T - a +6 ring of dexterity
 Y - a ring of protection from cold
Wands
 x - a wand of digging (15)
 H - a wand of iceblast (16)
 O - a wand of paralysis (11)
 S - a wand of charming (17)
 V - a wand of mindburst (12)
 W - a wand of flame (7)
Scrolls
 g - 2 scrolls of torment
 h - 2 scrolls of silence
 n - 10 scrolls of teleportation
 r - a scroll of fear
 u - 2 scrolls of vulnerability
 v - 3 scrolls of fog
 w - 3 scrolls of magic mapping
 y - 2 scrolls of summoning
 z - 9 scrolls of amnesia
 C - 2 scrolls of blinking
 D - a scroll of holy word
 F - 3 scrolls of enchant weapon
 Q - 4 scrolls of identify
 Z - a scroll of brand weapon {unknown}
Potions
 b - 2 potions of magic
 d - 3 potions of might
 e - 6 potions of curing
 i - 3 potions of attraction
 m - 4 potions of brilliance
 o - 5 potions of flight
 p - 4 potions of heal wounds
 E - 4 potions of mutation
 N - 6 potions of haste
 P - 3 potions of ambrosia
 R - a potion of invisibility
Miscellaneous
 a - a phantom mirror
 l - a box of beasts
 K - a lightning rod (4/4)


   Skills:
 + Level 10.5 Fighting
 - Level 3.0 Short Blades
 - Level 5.0 Staves
 - Level 7.0 Dodging
 - Level 2.2 Stealth
 - Level 5.0 Shields
 - Level 0.3 Unarmed Combat
 - Level 13.0 Spellcasting
 * Level 10.5 Conjurations
 - Level 3.0 Necromancy
 - Level 18.0 Ice Magic
 * Level 11.9 Earth Magic
 - Level 5.6 Invocations
 - Level 5.0 Evocations


You had 16 spell levels left.
You knew the following spells:

 Your Spells              Type           Power      Damage    Failure   Level
a - Freeze                Ice            100%       1d11      0%          1
b - Frozen Ramparts       Ice            100%       1d12      0%          3
c - Ozocubu's Armour      Ice            100%       N/A       0%          3
d - Hailstorm             Conj/Ice       100%       3d20      1%          4
e - Ozocubu's Refrigerat  Ice            62%        4d17      1%          7
f - Simulacrum            Ice/Necr       50%        N/A       2%          6
g - Sublimation of Blood  Necr           46%        N/A       1%          2

Your spell library contained the following spells:

 Spells                   Type           Power      Damage    Failure   Level
 Magic Dart               Conj           100%       1d8       1%          1
 Slow                     Hex            96%        N/A       1%          1
 Call Imp                 Summ           24%        N/A       1%          2
 Corpse Rot               Necr/Air       70%        N/A       1%          2
 Ensorcelled Hibernation  Hex/Ice        100%       N/A       1%          2
 Passwall                 Tmut/Erth      51%        N/A       1%          2
 Poisonous Vapours        Pois/Air       48%        N/A       1%          2
 Scorch                   Fire           48%        2d7       1%          2
 Wereblood                Tmut           24%        N/A       1%          2
 Mephitic Cloud           Conj/Pois/Air  50%        N/A       1%          3
 Vampiric Draining        Necr           46%        2d9       1%          3
 Flame Wave               Conj/Fire      58%        2d11      1%          4
 Borgnjor's Vile Clutch   Necr/Erth      34%        N/A       1%          5
 Metabolic Englaciation   Hex/Ice        47%        N/A       1%          5
 Confusing Touch          Hex            24%        N/A       4%          3
 Spider Form              Tmut/Pois      24%        N/A       4%          3
 Swiftness                Air            24%        N/A       4%          3
 Lightning Bolt           Conj/Air       29%        1d45      4%          5
 Anguish                  Hex/Necr       17%        N/A       8%          4
 Airstrike                Air            12%        N/A       13%         4
 Passage of Golubria      Tloc           24%        N/A       13%         4
 Summon Lightning Spire   Summ/Air       24%        N/A       13%         4
 Alistair's Intoxication  Tmut/Pois      16%        N/A       34%         5
 Silence                  Hex/Air        12%        N/A       34%         5
 Lehudib's Crystal Spear  Conj/Erth      41%        10d10     61%         8
 Eringya's Noxious Bog    Tmut/Pois      12%        N/A       87%         6
 Summon Cactus Giant      Summ           12%        N/A       87%         6
 Malign Gateway           Summ/Tloc      12%        N/A       100%        7
 Summon Hydra             Summ           12%        N/A       100%        7
 Summon Horrible Things   Summ           12%        N/A       100%        8
 Chain Lightning          Conj/Air       29%        3d38      100%        9
 Fire Storm               Conj/Fire      29%        8d7       100%        9
 Shatter                  Erth           42%        3d33*     100%        9


Dungeon Overview and Level Annotations

Branches:
Dungeon (15/15)            Temple (1/1) D:5            Lair (6/6) D:9
 Shoals (4/4) Lair:3        Snake (3/4) Lair:3        Slime (0/5) Lair:5
    Orc (0/2) D:12         Vaults (0/5) D:13         Depths (0/4) D:15

Altars:
Ashenzari
Cheibriados
Dithmenos
Elyvilon
Fedhas
Gozag
Hepliaklqana
Kikubaaqudgha
Makhleb
Nemelex Xobeh
Okawaru
Qazlal
Ru
Sif Muna
Trog
Uskayaw
Vehumet
Wu Jian
Xom
Yredelemnul
Zin
The Shining One
Jiyva

Shops:
D:3 ((*   Snake:2 =:=   Snake:3 :

Annotations:
D:14 Roxanne


Innate Abilities, Weirdness & Mutations

You have claws for hands.
A meltable icy envelope protects you from harm. (AC +0)
You regenerate health from kills.
Your magical and physical power is slightly enhanced at high health.
You have an absolutely massive brain. (Int +6, Wiz)
A meltable shield of frost defends you. (SH +0)
You have large cloven feet.
Your flesh is very heat resistant. (rF++)
You have a greatly increased reservoir of magic. (+30% MP)
You are strong-willed. (Will+)
Your system is resistant to poisons. (rPois)
Your body has grown eyes which may confuse attackers. (Acc +3)
Your rubbery body absorbs attacks. (AC +1, EV +1)
Your transparent skin significantly reduces your foes' accuracy. (Stealth+)
You are covered in slimy tendrils that may disarm your opponents.
Your melee attacks may engulf your foes in ooze.


Message History

The naga closely misses you. The heat melts your icy armour.
You hit the naga warrior but do no damage.
You freeze the naga warrior!
The naga warrior is moderately wounded.
The wall freezes the black mamba.
The black mamba barely misses you.
The wall freezes the naga!
You kill the naga!
The wall freezes the naga.
You kill the naga!
The wall freezes the naga warrior.
The naga warrior hits you but does no damage.
The naga warrior grabs you. The naga warrior constricts you.
The salamander hits you from afar with a +3 halberd!
You are engulfed in flames.
You resist. The heat melts your icy armour.
You hit the naga warrior. You freeze the naga warrior!
The naga warrior is heavily wounded.
Your icy armour evaporates.
The wall freezes the black mamba!
The black mamba barely misses you.
The salamander hits you from afar with a +3 halberd!!
* * * LOW HITPOINT WARNING * * *
You are engulfed in flames.
You resist.
* * * LOW HITPOINT WARNING * * *
The wall freezes the naga warrior.
The naga warrior spits poison at you. You block the splash of poison.
The naga warrior constricts you.
* * * LOW HITPOINT WARNING * * *
The wall freezes the black mamba.
The black mamba closely misses you.
Blink to where?
Press: ? - help, Dir - move target Your frozen ramparts will break if you move.
Continue?
The naga warrior's grasp on you weakens, but your attempt to escape fails.
As you read the scroll of blinking, it crumbles to dust.
The salamander hits you from afar with a +3 halberd!
* * * LOW HITPOINT WARNING * * *
You are engulfed in flames.
You resist.
* * * LOW HITPOINT WARNING * * *
The wall freezes the naga warrior!
The naga warrior hits you!
You die...

#^.##...####
....[##..####..## ###
........# ###.## #####..
........##....####......
.....(..#............<..
........................
.......N................
........................
...
..[...)@N...............
...
......)#S...............
..# .....J.
.###............ ..#
....... .. ...........
..# #...... ..#
........... ..# ##.....
.## ........... ..#
##.... ## ...........
..# #...# ...........
... ...........


You could see a naga warrior, a salamander (strong), a black mamba (slow) and a
neutral jelly (wandering) (fellow slime).

Vanquished Creatures
  Mlioglotl (Snake:1)
  A nagaraja (Snake:2)
  3 azure jellies (Lair:5)
  An ironbound preserver (D:13)
  Nessos (Lair:4)
  4 spark wasps
  Azrael (D:14)
  3 merfolk javelineers (Shoals:4)
  Josephine (Lair:6)
  5 fire dragons
  8 merfolk impalers
  4 naga warriors
  5 boulder beetles
  6 centaur warriors
  14 hydras
  3 merfolk aquamancers (Shoals:3)
  7 merfolk avatars
  5 anacondas
  5 two-headed ogres
  3 alligator snapping turtles
  2 death knights
  7 satyrs
  8 death yaks
  2 tengu warriors
  4 shock serpents
  6 naga sharpshooters
  A fire crab (Shoals:2)
  Lodul (D:10)
  10 skeletal warriors
  25 sea snakes
  A salamander mystic (Snake:2)
  A flayed ghost (D:14)
  A wizard (D:15)
  3 naga ritualists
  A phantasmal warrior (D:12)
  5 lindwurms
  Pikel (D:5)
  7 ugly things
  An orc knight (D:15)
  2 mana vipers
  20 harpies
  20 manticores
  2 wolf spiders (D:14)
  2 salamanders (shapeshifter) (D:14)
  12 cyclopes
  18 fauns
  5 salamanders
  9 merfolk sirens
  12 naga magi
  A torpor snail (Lair:5)
  17 elephants
  3 molten gargoyles (Lair:6)
  22 black mambas
  5 water nymphs
  2 gargoyles
  5 cane toads
  3 rime drakes
  2 unseen horrors
  A kobold demonologist (D:13)
  An efreet (D:10)
  10 komodo dragons
  The ghost of paps the Skirmisher, a novice GrMo (D:5)
  2 freezing wraiths
  A harpy zombie (Shoals:4)
  2 meliai (D:14)
  9 trolls
  39 merfolk
  8 wind drakes
  2 hornets
  3 polar bears
  7 snapping turtles
  12 blink frogs
  14 dream sheep
  2 shadows
  7 wraiths
  3 fire bats (Shoals:2)
  8 water elementals
  A vampire (D:12)
  10 basilisks
  2 fire elementals (D:14)
  23 yaks
  9 wyverns
  11 steam dragons
  8 vampire mosquitoes
  29 nagas
  Edmund (D:6)
  14 water moccasins
  2 acid dragons (D:10)
  Duvessa (D:7)
  5 hell hounds
  8 black bears
  10 orc warriors
  A sky beast (D:5)
  An ice beast (D:7)
  6 ogres
  20 centaurs
  A manticore zombie (Shoals:4)
  2 wolves (Lair:2)
  A lemure (D:5)
  7 kobold brigands
  A necrophage (D:7)
  12 bullfrogs
  4 gnoll sergeants
  6 scorpions
  4 wights (D:8)
  Dowan (D:7)
  A killer bee (D:10)
  2 howler monkeys
  2 vampire bats (D:10)
  2 electric eels (Lair:1)
  5 lava snakes (Lair:6)
  2 orc priests
  A hound (D:5)
  2 jellies (D:6)
  Ijyb (D:5)
  An iguana (D:6)
  14 hell rats
  19 orc wizards
  Robin (D:4)
  6 adders
  18 gnolls
  4 river rats (Lair:1)
  A shadow imp (D:6)
  4 white imps
  A worm (D:3)
  2 dart slugs
  23 orcs
  9 ball pythons
  A bat zombie (Shoals:4)
  5 endoplasms
  11 giant cockroaches
  15 goblins
  11 hobgoblins
  4 jackals (D:1)
  25 kobolds
  2 quokkas (D:2)
  12 bats
  2 frilled lizards
  9 rats
  A bush (D:10)
882 creatures vanquished.

Vanquished Creatures (collateral kills)
  2 frost giants
  A merfolk aquamancer (Shoals:3)
  A freezing wraith (D:11)
  A harpy zombie (Shoals:4)
  A snapping turtle (Shoals:3)
  A manticore zombie (Shoals:4)
7 creatures vanquished.

Vanquished Creatures (others)
  A hydra (D:14)
  A skeletal warrior (D:12)
  A wolf spider (D:14)
  A cyclops (Shoals:1)
  An ugly thing (D:13)
  A manticore (D:15)
  A salamander (D:15)
  A merfolk siren (Shoals:4)
  A water nymph (Shoals:3)
  A rime drake (Shoals:3)
  A meliai (D:14)
  A troll (D:12)
  6 slime creatures
  A tarantella (shapeshifter) (D:13)
  A hell hound (Lair:6)
  A black bear (Lair:5)
  A tengu (shapeshifter) (D:14)
  A bullfrog (Lair:5)
  100 jellies
  An orc wizard (D:15)
  A white imp (D:6)
  A bush (Lair:6)
  105 fungi
  378 plants
  2 starspawn tentacles (Snake:1)
611 creatures vanquished.

Grand Total: 1500 creatures vanquished

Notes
Turn   | Place    | Note
-------+----------+-------------------------------------------
     0 | D:1      | Dabor the Demonspawn Ice Elementalist began the quest for
                  | the Orb.
     0 | D:1      | Reached XP level 1. HP: 13/13 MP: 3/3
   195 | D:1      | Gained mutation: A meltable shield of frost defends you.
                  | (SH +0) [demonic ancestry]
   195 | D:1      | Reached XP level 2. HP: 9/19 MP: 0/5
  1302 | D:1      | Found a faded altar of an unknown god.
  1307 | D:1      | Gained mutation: You have sharp fingernails. [demonic
                  | ancestry]
  1307 | D:1      | Reached XP level 3. HP: 24/24 MP: 4/6
  1434 | D:2      | Reached skill level 4 in Ice Magic
  2127 | D:2      | Gained mutation: You regenerate a little health from kills.
                  | [demonic ancestry]
  2127 | D:2      | Reached XP level 4. HP: 28/31 MP: 4/8
  2132 | D:2      | Learned a level 3 spell: Frozen Ramparts
  2136 | D:2      | Learned a level 3 spell: Ozocubu's Armour
  2988 | D:3      | Found Tanlunir's Assorted Antiques.
  2994 | D:3      | Bought a scroll labelled NUTAMU MOJYONT for 30 gold pieces
  2994 | D:3      | Bought a scroll labelled DIHITO NOQOYMOI for 30 gold pieces
  2994 | D:3      | Bought a scroll labelled MUN QAINAITUUJ for 30 gold pieces
  3015 | D:3      | Found Kaidgh's Weapon Shoppe.
  3093 | D:3      | Found Onuagocw's Antique Weapon Emporium.
  3519 | D:4      | Reached skill level 1 in Fighting
  3895 | D:4      | Gained mutation: You have very sharp fingernails. [demonic
                  | ancestry]
  3895 | D:4      | Reached XP level 5. HP: 37/37 MP: 0/9
  4116 | D:4      | Noticed Robin
  4128 | D:4      | Killed Robin
  4134 | D:4      | Found a stormy altar of Qazlal.
  4139 | D:4      | Found a sacrificial altar of Ru.
  4141 | D:4      | Found a shimmering blue altar of Sif Muna.
  4142 | D:4      | Found an ancient bone altar of Kikubaaqudgha.
  4155 | D:4      | Became a worshipper of Qazlal Stormbringer
  4419 | D:5      | Entered Level 5 of the Dungeon
  4420 | D:5      | Noticed Ijyb
  4443 | D:4      | Reached skill level 5 in Ice Magic
  4443 | D:4      | Gained mutation: You have an unusually large brain. (Int
                  | +2) [demonic ancestry]
  4443 | D:4      | Reached XP level 6. HP: 22/44 MP: 0/11
  4654 | D:5      | Killed Ijyb
  4877 | D:5      | Reached skill level 1 in Invocations
  4958 | D:5      | Gained mutation: You regenerate health from kills. [demonic
                  | ancestry]
  4958 | D:5      | Reached XP level 7. HP: 51/51 MP: 9/13
  5299 | D:5      | Noticed Pikel
  5313 | D:5      | Killed Pikel
  5314 | D:5      | Reached skill level 5 in Spellcasting
  5314 | D:5      | Reached skill level 6 in Ice Magic
  5314 | D:5      | Reached XP level 8. HP: 45/58 MP: 5/16
  5504 | D:5      | Noticed paps's ghost (novice GrMo)
  5506 | D:5      | Found a transporter.
  5549 | D:5      | Found a staircase to the Ecumenical Temple.
  5645 | D:5      | Found a transporter.
  6401 | D:6      | Reached skill level 7 in Ice Magic
  6606 | D:6      | Found a shimmering altar of Xom.
  7253 | D:6      | Noticed Edmund
  7265 | D:6      | Killed Edmund
  7266 | D:6      | Reached skill level 5 in Invocations
  7266 | D:6      | Gained mutation: Your magical and physical power is
                  | slightly enhanced at high health. [demonic ancestry]
  7266 | D:6      | Reached XP level 9. HP: 33/66 MP: 7/19
  7666 | D:5      | Killed paps's ghost
  7682 | D:5      | Identified the +1 leather armour of the Fiend {rElec rN+
                  | Str-3 Int+8}
  7836 | D:7      | Found the +8 trident of the Octopus King {venom, rElec
                  | rPois}
  7837 | D:7      | Noticed Dowan
  7843 | D:7      | Noticed Duvessa
  7846 | D:7      | Killed Dowan
  7853 | D:7      | Killed Duvessa
  7854 | D:7      | Reached skill level 8 in Ice Magic
  8066 | D:7      | Learned a level 4 spell: Hailstorm
  8091 | D:7      | Reached * piety under Qazlal
  8150 | D:7      | Identified the +7 dagger of the Queen {flame, Str+4}
  8454 | D:8      | Found a sparkling altar of Nemelex Xobeh.
  8493 | D:8      | Reached skill level 1 in Conjurations
  8817 | D:8      | Reached skill level 9 in Ice Magic
  9319 | D:8      | Reached XP level 10. HP: 60/73 MP: 14/20
  9607 | D:9      | Identified the amulet "Paawefaj" {Acrobat Will+}
  9707 | D:9      | Found a staircase to the Lair.
  9707 | D:9      | Noticed an elephant
  9720 | D:9      | Killed an elephant
  9721 | D:9      | Reached skill level 10 in Ice Magic
  9889 | D:9      | Reached ** piety under Qazlal
 10044 | D:9      | Noticed a two-headed ogre
 10057 | D:9      | Killed a two-headed ogre
 10058 | D:9      | Reached skill level 5 in Fighting
 10058 | D:9      | Reached skill level 1 in Staves
 10058 | D:9      | Reached skill level 1 in Evocations
 10234 | D:9      | Reached skill level 11 in Ice Magic
 10881 | D:10     | Entered Level 10 of the Dungeon
 11113 | D:10     | Noticed a two-headed ogre
 11113 | D:10     | Noticed Lodul
 11150 | D:10     | Noticed a two-headed ogre
 11152 | D:10     | Reached XP level 11. HP: 70/79 MP: 2/21
 11157 | D:10     | Killed a two-headed ogre
 11158 | D:10     | Reached skill level 12 in Ice Magic
 11161 | D:10     | Killed Lodul
 11168 | D:10     | Killed a two-headed ogre
 11465 | D:10     | Reached skill level 13 in Ice Magic
 11616 | D:10     | Reached *** piety under Qazlal
 11795 | D:10     | Reached skill level 14 in Ice Magic
 12477 | D:11     | Noticed a centaur warrior
 12505 | D:11     | Killed a centaur warrior
 12738 | Lair:1   | Entered Level 1 of the Lair of Beasts
 12816 | D:9      | Learned a level 7 spell: Ozocubu's Refrigeration
 12966 | Lair:1   | Reached XP level 12. HP: 57/86 MP: 16/22
 13386 | D:3      | Bought a pair of gloves for 135 gold pieces
 13695 | Lair:1   | Reached skill level 15 in Ice Magic
 14966 | Lair:2   | Reached **** piety under Qazlal
 15132 | Lair:2   | Found an iron altar of Okawaru.
 15351 | Lair:3   | Noticed a six-headed hydra
 15361 | Lair:3   | Killed a six-headed hydra
 15411 | Lair:3   | Noticed a boulder beetle
 15422 | Lair:3   | Killed a boulder beetle
 15596 | Lair:3   | Reached skill level 16 in Ice Magic
 16240 | Lair:3   | Found a staircase to the Snake Pit.
 16491 | Lair:3   | Found a staircase to the Shoals.
 16929 | Lair:3   | Identified the +1 ring mail of Pyerank {rN++ Str-4 Int+3
                  | SInv}
 16971 | Lair:4   | Noticed Nessos
 16998 | Lair:4   | Killed Nessos
 17241 | Lair:4   | Identified the +8 shortbow of the Big Fish {venom, rF+ rN+
                  | Int-2 Stlth+}
 17338 | Lair:4   | Noticed a seven-headed hydra
 17352 | Lair:4   | Killed a seven-headed hydra
 17512 | Lair:4   | Noticed an eight-headed hydra
 17515 | Lair:4   | Killed an eight-headed hydra
 17516 | Lair:4   | Reached XP level 13. HP: 91/91 MP: 4/26
 18266 | Lair:4   | You fall into a shaft and drop 2 floors!
 18266 | Lair:6   | Entered Level 6 of the Lair of Beasts
 18271 | Lair:6   | Noticed Josephine
 18283 | Lair:6   | Killed Josephine
 18401 | Lair:5   | Reached skill level 17 in Ice Magic
 18907 | Lair:5   | Reached skill level 10 in Spellcasting
 18930 | Lair:5   | Found a runed translucent door.
 18930 | Lair:5   | Found a viscous altar of Jiyva.
 18930 | Lair:5   | Found a staircase to the Slime Pits.
 18930 | Lair:5   | Noticed an azure jelly
 18930 | Lair:5   | Noticed an azure jelly
 18930 | Lair:5   | Noticed an azure jelly
 19144 | Lair:5   | Killed an azure jelly
 19150 | Lair:5   | Killed an azure jelly
 19152 | Lair:5   | Killed an azure jelly
 19285 | Lair:5   | Fell from the grace of Qazlal
 19285 | Lair:5   | Became a worshipper of Jiyva Jeecsul the Shapeless
 19867 | Lair:2   | Noticed a spark wasp
 19867 | Lair:2   | Noticed a fire dragon
 19869 | Lair:2   | Killed a spark wasp
 19869 | Lair:2   | Killed a fire dragon
 20131 | Temple   | Entered the Ecumenical Temple
 20790 | Lair:4   | Noticed a fire dragon
 20790 | Lair:4   | Noticed a spark wasp
 20795 | Lair:4   | Killed a fire dragon
 20795 | Lair:4   | Killed a spark wasp
 21362 | Lair:5   | Reached * piety under Jiyva
 22345 | Lair:6   | Reached ** piety under Jiyva
 22453 | Lair:6   | Reached skill level 5 in Dodging
 22453 | Lair:6   | Gained mutation: You have claws for hands. [demonic
                  | ancestry]
 22453 | Lair:6   | Reached XP level 14. HP: 103/103 MP: 9/28
 23274 | Lair:6   | Reached skill level 1 in Earth Magic
 23278 | Lair:6   | Found a large runed translucent door.
 23421 | Lair:6   | Found a large runed translucent door.
 23499 | Lair:6   | Identified the +1 helmet of Qyhukuv {Will- rCorr Str+2}
 24122 | Shoals:1 | Entered Level 1 of the Shoals
 24134 | Shoals:1 | Reached *** piety under Jiyva
 24267 | Shoals:1 | Found a flickering gateway to a bazaar.
 24291 | Bazaar   | Entered a bazaar
 24291 | Bazaar   | Found Pico's Jewellery Emporium.
 24291 | Bazaar   | Found Gemmacilus's Antique Armour Shoppe.
 24291 | Bazaar   | Found Exzyaxko's Armour Shoppe.
 24291 | Bazaar   | Found Zesekozxag's Distillery.
 24291 | Bazaar   | Found Niper's Book Emporium.
 24314 | Bazaar   | Bought a warped ring mail for 234 gold pieces
 24314 | Bazaar   | Identified the +1 ring mail of the Devil's Team {Int+4
                  | Dex+3} (You bought it in a shop in a bazaar)
 24314 | Bazaar   | Bought a glowing buckler for 195 gold pieces
 24316 | Bazaar   | Bought a potion of brilliance for 36 gold pieces
 24316 | Bazaar   | Bought a potion of mutation for 72 gold pieces
 24316 | Bazaar   | Bought a potion of heal wounds for 45 gold pieces
 24316 | Bazaar   | Bought a potion of flight for 27 gold pieces
 24316 | Bazaar   | Bought a potion of heal wounds for 45 gold pieces
 24316 | Bazaar   | Bought a potion of curing for 27 gold pieces
 24505 | Shoals:1 | Reached skill level 1 in Shields
 24560 | Shoals:1 | Noticed a frost giant
 24666 | Shoals:1 | Gained mutation: You are resistant to electric shocks.
                  | (rElec) [Jiyva's grace]
 24666 | Shoals:1 | Gained mutation: You are strong-willed. (Will+) [Jiyva's
                  | grace]
 24666 | Shoals:1 | Gained mutation: You are highly strong-willed. (Will++)
                  | [Jiyva's grace]
 24666 | Shoals:1 | Gained mutation: You are extremely strong-willed. (Will+++)
                  | [Jiyva's grace]
 25093 | D:11     | Reached **** piety under Jiyva
 25136 | D:11     | Reached skill level 5 in Earth Magic
 26039 | D:12     | Gained mutation: You have an extremely huge brain. (Int +4)
                  | [demonic ancestry]
 26039 | D:12     | Reached XP level 15. HP: 101/112 MP: 16/30
 26071 | D:12     | Reached skill level 1 in Short Blades
 26481 | D:12     | Lost mutation: You are resistant to electric shocks.
                  | (rElec) [the adversity of Qazlal]
 26551 | D:12     | Was forgiven by Qazlal
 26562 | D:12     | Found a staircase to the Orcish Mines.
 26701 | D:13     | Found a gate to the Vaults.
 27027 | D:13     | Reached ***** piety under Jiyva
 27332 | D:13     | Gained mutation: Your rubbery body absorbs attacks. (AC +1,
                  | EV +1) [Jiyva's grace]
 27332 | D:13     | Gained mutation: Your pliable body absorbs attacks. (AC +2,
                  | EV +2) [Jiyva's grace]
 27332 | D:13     | Gained mutation: Your gelatinous body deflects attacks. (AC
                  | +3, EV +3) [Jiyva's grace]
 27332 | D:13     | Gained mutation: Your translucent skin slightly reduces
                  | your foes' accuracy. (Stealth+) [Jiyva's grace]
 27727 | D:14     | Identified Roxanne's Catalogue of Shape Shifting
 27727 | D:14     | Noticed Roxanne
 27779 | D:14     | Noticed Azrael
 27783 | D:14     | Killed Azrael
 28547 | D:15     | Entered Level 15 of the Dungeon
 28833 | D:15     | Found a staircase to the Depths.
 28840 | D:15     | Noticed a storm dragon
 28840 | D:15     | a wolf spider changed into a storm dragon
 28848 | D:15     | a storm dragon changed into a death yak
 29133 | D:15     | Found a radiant altar of Vehumet.
 29273 | D:15     | Reached skill level 10 in Fighting
 29771 | Shoals:1 | Killed a frost giant
 30009 | Shoals:2 | Reached skill level 5 in Shields
 30099 | Shoals:2 | Learned a level 6 spell: Simulacrum
 30147 | Shoals:2 | Gained mutation: You have an absolutely massive brain. (Int
                  | +6, Wiz) [demonic ancestry]
 30147 | Shoals:2 | Reached XP level 16. HP: 122/122 MP: 2/32
 30156 | Shoals:2 | Reached skill level 1 in Necromancy
 30186 | Shoals:2 | Reached ****** piety under Jiyva
 30259 | Shoals:2 | Lost mutation: You are extremely strong-willed. (Will+++)
                  | [Jiyva's grace]
 30259 | Shoals:2 | Lost mutation: You are highly strong-willed. (Will++)
                  | [Jiyva's grace]
 30259 | Shoals:2 | Lost mutation: Your gelatinous body deflects attacks. (AC
                  | +3, EV +3) [Jiyva's grace]
 30259 | Shoals:2 | Gained mutation: Your translucent skin reduces your foes'
                  | accuracy. (Stealth+) [Jiyva's grace]
 30259 | Shoals:2 | Gained mutation: Your transparent skin significantly
                  | reduces your foes' accuracy. (Stealth+) [Jiyva's grace]
 30259 | Shoals:2 | Gained mutation: Your system is resistant to poisons.
                  | (rPois) [Jiyva's grace]
 30259 | Shoals:2 | Gained mutation: You have large cloven feet. [Jiyva's
                  | grace]
 31015 | Shoals:3 | Identified 3 scrolls of acquirement
 31040 | Shoals:2 | Acquired a book of Blood
 31045 | Shoals:2 | Learned a level 2 spell: Sublimation of Blood
 31045 | Shoals:2 | Acquired the +3 pair of seven-league boots {Rampage+∞}
 31045 | Shoals:2 | Found the +3 pair of seven-league boots {Rampage+∞}
 31057 | Shoals:2 | Acquired a book of the Moon
 31143 | Shoals:3 | Reached skill level 5 in Conjurations
 31199 | Shoals:3 | Reached skill level 10 in Earth Magic
 31332 | Shoals:3 | Identified the +8 spear "Wuolige" {vorpal, rElec rPois rF+
                  | rC+}
 31756 | Shoals:4 | Entered Level 4 of the Shoals
 31958 | Shoals:4 | Gained mutation: A meltable icy envelope protects you from
                  | harm. (AC +0) [demonic ancestry]
 31958 | Shoals:4 | Reached XP level 17. HP: 127/128 MP: 4/34
 32007 | Shoals:4 | Got a barnacled rune of Zot
 32191 | Shoals:4 | Reached skill level 18 in Ice Magic
 32191 | Shoals:4 | Reached skill level 5 in Evocations
 32374 | Shoals:4 | Reached skill level 5 in Staves
 32891 | Snake:1  | Entered Level 1 of the Snake Pit
 32979 | Snake:1  | Lost mutation: Your pliable body absorbs attacks. (AC +2,
                  | EV +2) [Jiyva's grace]
 32979 | Snake:1  | Gained mutation: You are covered in slimy tendrils that may
                  | disarm your opponents. [Jiyva's grace]
 32979 | Snake:1  | Gained mutation: Your melee attacks may engulf your foes in
                  | ooze. [Jiyva's grace]
 32979 | Snake:1  | Gained mutation: Your flesh is heat resistant. (rF+)
                  | [Jiyva's grace]
 32979 | Snake:1  | Gained mutation: Your flesh is very heat resistant. (rF++)
                  | [Jiyva's grace]
 33588 | Snake:1  | Noticed Mlioglotl
 33604 | Snake:1  | Killed Mlioglotl
 34270 | Snake:2  | Reached skill level 10 in Conjurations
 34449 | Snake:2  | Identified the +2 hand axe of the Vanishing Mice {holy, rN+
                  | Str+2}
 34558 | Snake:2  | Gained mutation: You have an increased reservoir of magic.
                  | (+10% MP) [Jiyva's grace]
 34558 | Snake:2  | Gained mutation: You have a considerably increased
                  | reservoir of magic. (+20% MP) [Jiyva's grace]
 34558 | Snake:2  | Gained mutation: You have a greatly increased reservoir of
                  | magic. (+30% MP) [Jiyva's grace]
 34558 | Snake:2  | Gained mutation: Your body has grown eyes which may confuse
                  | attackers. (Acc +3) [Jiyva's grace]
 34672 | Snake:2  | Found Dejadoss's Jewellery Emporium.
 34672 | Snake:2  | Found Higigg's Book Boutique.
 34673 | Snake:2  | Found Wuant's Jewellery Emporium.
 34898 | Snake:3  | Acquired 966 gold pieces
 34917 | Snake:3  | Found Xiasoad's Book Shoppe.
 34930 | Snake:3  | Bought a manual of Fire Magic for 880 gold pieces
 35075 | Snake:3  | Slain by a naga warrior

Illustrated notes

Levels and vault maps discovered:
D:1:      dpeg_arrival_refuge, layout_loops_ring, ebering_ecumenical_altar_rust
D:2:      minmay_roachtagon, layout_loops_corners
D:3:      layout_rooms, serial_shops, nicolae_shop_statue_plus, shop,
          shop_statue, chequers_jeans, nicolae_elevator_lobby_plus
D:4:      layout_basic, minitemple, grunt_ministairs_14, uniq_robin
D:5:      layout_cave_pods, minmay_temple_entry_wispy, gammafunk_ghost_arena,
          grunt_ministairs_11, uniq_pikel, uniq_ijyb
D:6:      layout_basic, mainiacjoe_overflow_tiny_flanked, minmay_circle_x,
          uniq_edmund
D:7:      layout_rooms, uniq_duvessa
D:8:      layout_loops_corners, amcnicky_altar_gilded
D:9:      layout_stronghold, nicolae_elyvilon_peaceful_grove,
          david_lair_generic, serial_column_ruins, column_ruins_hut_pillars,
          column_ruins_hut, column_ruins_grid_4, column_ruins_corridor_dead_end,
          column_ruins_columns_dead_end, column_ruins_columns_corner
D:10:     layout_basic, roderic_batcave, kb_lookout_dungeons_type,
          kennysheep_kite_vault, uniq_lodul
D:11:     layout_roguey
D:12:     layout_rooms, david_orc_4, wad_floor_pattern_untrapped
D:13:     layout_loops_ring, skrybe_vaults_entry_preservation
D:14:     layout_small_grid, kennysheep_cross_landing, uniq_roxanne, uniq_azrael
D:15:     hangedman_depths_entry_try_elsewhere_first, layout_loops_cross,
          vehumet_altar_wand_db
Temple:   eino_narrow_crystal_temple
Lair:1:   layout_hall_layers, kennysheep_abandoned_house, serial_bayou_shore_a
Lair:2:   layout_gridlike, basic_altar, beast_lair_carwin_6
Lair:3:   layout_layer_cave, minmay_shoals_entry_centaurs,
          minmay_snake_entry_guardpost_medium, st_stairs_5,
          chequers_serial_rivers_micro_a
Lair:4:   layout_layer_cave, uniq_nessos
Lair:5:   layout_cave_pods, slime_altar_2, dreamdust_mushroom_princess
Lair:6:   cheibrodos_lair_end_hotspot, layout_cave_pods, uniq_josephine
Shoals:1: layout_shoals, serial_shops, bzr_entry_customers, st_cyclops
Shoals:2: layout_shoals, nicolae_shoals_stone_sculpture_thing,
          hangedman_shoal_volcano
Shoals:3: cheibrodos_shoals_three_sisters, layout_shoals,
          nicolae_shoals_drake_roost
Shoals:4: shoals_end_grunt_ice, layout_shoals, nicolae_shoals_undead_eyrie
Snake:1:  layout_chambers, uniq_mlioglotl
Snake:2:  layout_onion_interference, minmay_shop_grove
Snake:3:  layout_onion, serial_shops, shop

Skill      XL: |  1  2  3  4  5  6  7  8  9 10 11 12 13 14 15 16 17 |
---------------+----------------------------------------------------+-----
Dodging        | 2 5 7 |  7.0
Stealth        | 2 |  2.2
Ice Magic      | 4 5 6 7 9 11 14 16 17 18 | 18.0
Spellcasting   | 3 4 5 6 7 9 10 11 12 13 | 13.0
Fighting       | 1 2 3 4 5 7 8 10 | 10.5
Invocations    | 1 3 5 |  5.6
Conjurations   | 3 7 10 | 10.5
Staves         | 3 4 5 |  5.0
Evocations     | 3 4 5 |  5.0
Earth Magic    | 5 8 10 11 | 11.9
Shields        | 2 5 |  5.0
Short Blades   | 3 |  3.0
Necromancy     | 3 |  3.0
Unarmed Combat | |  0.3

Action                   |  1- 3 |  4- 6 |  7- 9 | 10-12 | 13-15 | 16-18 || total
-------------------------+-------+-------+-------+-------+-------+-------++-------
Melee: Unarmed           |    31 |       |    50 |     4 |    16 |       ||   101
       Punch             |     2 |       |       |     2 |       |       ||     4
       Short sword       |     6 |       |       |       |       |       ||     6
       Staff             |       |    41 |    52 |    92 |   213 |   345 ||   743
       Dagger            |       |       |       |       |    40 |     3 ||    43
Throw: Dart              |       |       |       |       |     2 |       ||     2
       Javelin           |       |       |       |       |     9 |       ||     9
 Cast: Freeze            |    57 |    59 |    53 |    45 |       |       ||   214
       Frozen Ramparts   |       |    10 |    34 |    53 |    55 |    10 ||   162
       Ozocubu's Armour  |       |     6 |    22 |    31 |    44 |    11 ||   114
       Hailstorm         |       |       |       |    13 |     1 |     4 ||    18
       Ozocubu's Refrige |       |       |       |    33 |   212 |   146 ||   391
       Simulacrum        |       |       |       |       |     1 |     3 ||     4
Invok: Upheaval          |       |       |       |     1 |       |       ||     1
Evoke: Wand              |       |       |       |     4 |     7 |       ||    11
       Phantom mirror    |       |       |       |       |     1 |       ||     1
  Use: Scroll            |       |     2 |     3 |     7 |    12 |    11 ||    35
       Potion            |       |     3 |     4 |     4 |     5 |       ||    16
 Stab: Sleeping          |     1 |       |       |       |       |     2 ||     3
       Distracted        |       |     1 |       |       |       |     1 ||     2
       Paralysed         |       |       |       |     2 |     9 |       ||    11
Armor: Robe              |    21 |    17 |    26 |       |       |       ||    64
       Leather armour    |       |       |    21 |    91 |   265 |   210 ||   587
Dodge: Dodged            |    66 |    71 |   106 |   191 |   409 |   456 ||  1299
       Repelled          |       |       |       |     2 |       |       ||     2
Block: Other             |     3 |    15 |    42 |    93 |    56 |       ||   209
       Buckler           |       |       |       |       |   170 |   271 ||   441

Table legend: (Time is in decaauts)
 A = Elapsed time spent in this place.
 B = Non-inter-level travel time spent in this place.
 C = Inter-level travel time spent in this place.
 D = Time resting spent in this place.
 E = Time spent auto-exploring this place.
 F = Levels seen in this place.
 G = Mean time per level.
                   A        B        C        D        E       F      G
               +--------+--------+--------+--------+--------+-----+--------+
         Total |  35559 |  31850 |   3709 |   3366 |  20705 |  30 | 1185.3 |
       Dungeon |  18243 |  16037 |   2206 |   1707 |  10614 |  15 | 1216.2 |
        Temple |    175 |    162 |     13 |      0 |    156 |   1 |  175.0 |
          Lair |  10733 |   9524 |   1209 |   1428 |   6268 |   6 | 1788.8 |
        Shoals |   4186 |   3946 |    240 |    231 |   1931 |   4 | 1046.5 |
     Snake Pit |   2182 |   2144 |     38 |      0 |   1736 |   3 |  727.3 |
        Bazaar |     38 |     38 |      0 |      0 |      0 |   1 |   38.0 |
               +--------+--------+--------+--------+--------+-----+--------+

Top non-repeatable levels by time:
  Lair:5: 2341 daAuts
  Lair:6: 2155 daAuts
     D:5: 1994 daAuts
  Lair:4: 1976 daAuts
  Lair:3: 1745 daAuts
  Lair:1: 1671 daAuts
    D:10: 1667 daAuts
     D:9: 1561 daAuts
     D:6: 1457 daAuts
     D:1: 1429 daAuts
 Snake:1: 1289 daAuts
     D:8: 1280 daAuts
     D:4: 1244 daAuts
    D:11: 1236 daAuts
     D:2: 1221 daAuts
